 Dungeon Crawl Stone Soup version 0.31-a0-95-g6fa058ef04 (webtiles) character file.

Game seed: 10993046347689446717

35807 edwardauron the Fighter (level 13, -1/119 HPs)
             Began as a Demigod Fighter on May 25, 2023.
             Killed by divine providence
             ... invoked by a smoke demon
              (12 damage)
             ... on level 4 of the Abyss.
             The game lasted 00:24:45 (14712 turns).

edwardauron the Fighter (Demigod Fighter)          Turns: 14712, Time: 00:24:46

Health: -1/119     AC: 31    Str: 33    XL:     13   Next: 18%
Magic:  16/16      EV: 23    Int: 10    God:
Gold:   992        SH: 12    Dex: 18    Spells: 12/12 levels left

rFire   + . .        D - +5 morningstar (freeze)
rCold   . . .        d - +0 kite shield
rNeg    + . .        g - +1 crystal plate armour
rPois   +            H - +2 helmet of the Cockatrice {Dex+3}
rElec   .            t - +0 cloak {rF+}
rCorr   .            B - +2 pair of gloves
SInv    .            (no boots)
Will    +....        j - amulet of the acrobat Stlth
                     h - ring of poison resistance
HPRegen 0.00/turn    s - ring of positive energy
MPRegen 0.15/turn

%: random rage (3%), acrobat
@: acrobatic, sick, studying 2 skills
A: high MP 1, forlorn, divine attributes, thin skeletal structure 1, [berserk 1]
a: no special abilities


You were on level 4 of the Abyss.
You visited 2 branches of the dungeon, and saw 14 of its levels.
You visited the Abyss 2 times.
You also visited: Ossuary, Bailey and Volcano.

You collected 992 gold pieces.

Inventory:

Hand Weapons
 a - a +1 eveningstar of protection
 D - a +5 morningstar of freezing (weapon)
 G - a +1 hand axe of flaming
Missiles
 n - 5 silver javelins (quivered)
 I - a throwing net
Armour
 d - a +0 kite shield (worn)
 g - a +1 crystal plate armour (worn)
 i - +0 acid dragon scales
 t - a +0 cloak of fire resistance (worn)
 B - a +2 pair of gloves (worn)
 F - the +0 chain mail of Gehenna {Rampage Regen+ rCorr Str+2}
   (You took it off an orc warrior on level 7 of the Dungeon)

   Str:       It affects your strength (+2).
   Regen:     It increases your rate of health regeneration.
   rCorr:     It protects you from acid and corrosion.
   Rampage:   It bestows one free step when moving towards enemies.
 H - the +2 helmet of the Cockatrice (worn) {Dex+3}
   (You found it on level 7 of the Dungeon)

   Dex:       It affects your dexterity (+3).
Jewellery
 h - a ring of poison resistance (left hand)
 j - an amulet of the acrobat (around neck)
 s - a ring of positive energy (right hand)
Wands
 e - a wand of acid (5)
 f - a wand of roots (3)
 o - a wand of flame (27)
 r - a wand of mindburst (10)
 E - a wand of paralysis (17)
 L - a wand of digging (8)
Scrolls
 b - 3 scrolls of fog
 k - a scroll of magic mapping
 u - a scroll of amnesia
 w - 2 scrolls of poison
 y - a scroll of summoning
 J - a scroll of fear
 K - a scroll of teleportation
Potions
 p - 3 potions of magic
 v - 2 potions of brilliance
 x - a potion of haste
Miscellaneous
 c - a box of beasts


   Skills:
 + Level 12.7 Fighting
 + Level 11.8 Maces & Flails
 + Level 11.9 Armour
 - Level 4.7 Dodging
 + Level 10.8 Shields


You had 12 spell levels left.
You didn't know any spells.
Your spell library contained the following spells:

 Spells                   Type           Power      Damage    Failure   Level
 Apportation              Tloc           0%         N/A       100%        1
 Kiss of Death            Conj/Necr      0%         2d5       100%        1
 Magic Dart               Conj           0%         1d3       100%        1
 Necrotise                Necr           0%         1d4       100%        1
 Summon Small Mammal      Summ           0%         N/A       100%        1
 Poisonous Vapours        Pois/Air       0%         N/A       100%        2
 Searing Ray              Conj           0%         2d4       100%        2
 Confusing Touch          Hex            0%         N/A       100%        3
 Inner Flame              Hex/Fire       0%         N/A       100%        3
 Mephitic Cloud           Conj/Pois/Air  0%         N/A       100%        3
 Dispel Undead            Necr           0%         3d6       100%        4
 Fulminant Prism          Conj/Hex       0%         3d5       100%        4
 Freezing Cloud           Conj/Ice/Air   0%         6-21      100%        5
 Yara's Violent Unravell  Hex/Tmut       0%         3d3       100%        5
 Conjure Ball Lightning   Conj/Air       0%         3x3d6     100%        6
 Enfeeble                 Hex            0%         N/A       100%        7
 Discord                  Hex            0%         N/A       100%        8
 Disjunction              Tloc           0%         N/A       100%        8


Dungeon Overview and Level Annotations

Branches:
Dungeon (11/15)            Temple (0/1) D:5            Lair (3/5) D:10
 Shoals (0/4) Lair:3       Spider (0/4) Lair:2      Ossuary (visited)
 Bailey (visited)         Volcano (visited)
    Orc: D:9-12

Annotations:
D:11 2 transporters, HilariousDeathArtist's ghost, journeyman DEEE


Innate Abilities, Weirdness & Mutations

You have an increased reservoir of magic. (+10% MP)
You shall have no god before yourself.
Your divine heritage dramatically boosts your attributes as you level up.
You have a somewhat thin skeletal structure. (Dex +2, Stealth+)
[You sometimes lose your temper in combat.]


Message History

You are covered in liquid flames!
* * * LOW HITPOINT WARNING * * *
You feel yourself slow down.
You are covered in liquid flames!
* * * LOW HITPOINT WARNING * * *
You are no longer on fire.
Found a gateway leading deeper into the Abyss.
Found a gateway leading deeper into the Abyss.
There is a gateway leading deeper into the Abyss here.
A lurking horror comes into view.
A smoke demon comes into view.
The smoke demon roars!
The smoke demon gestures at you. Something smites you!
* * * LOW HITPOINT WARNING * * *
You feel yourself growing ill in the presence of the ancient zyme.
You feel ill.
You feel ill. The ancient zyme misses you. You block the ancient zyme's attack.
You thump the ancient zyme! You freeze the ancient zyme.
The ancient zyme is lightly damaged.
You hit the ancient zyme. You freeze the ancient zyme.
The ancient zyme is moderately damaged.
You block the ancient zyme's attack. The ancient zyme barely misses you.
You barely miss the ancient zyme.
The ancient zyme is moderately damaged.
You block the ancient zyme's attack. x2
You impale the ancient zyme!! You freeze the ancient zyme.
The ancient zyme is almost destroyed.
You block the ancient zyme's attack. The ancient zyme misses you.
You impale the ancient zyme!! You freeze the ancient zyme.
You destroy the ancient zyme!
Your body is wracked with pain!
* * * LOW HITPOINT WARNING * * *
The smoke demon gestures at you. The ball of steam hits you. You resist.
* * * LOW HITPOINT WARNING * * *
The smoke demon gestures at you. Something smites you!
You die...

# ##> ####
..###..#
#.##.#.#@# .
#.....#3# #
#....#...## .
## #.....##.#.
. ## ###. ...
... #..#.## .#
# #....#
..........*..
##.#...#......


You could see a smoke demon.

Vanquished Creatures
  2 tentacled starspawn (Abyss:3)
  A reaper (Abyss:3)
  A rakshasa (Abyss:3)
  A dancing weapon (Volcano)
  A thrashing horror (Abyss:4)
  The ghost of minhee2137 the Protected, a novice MiBe of Trog (D:7)
  A sixfirhy (Abyss:3)
  3 wretched stars
  A pharaoh ant (Lair:2)
  A skyshark (Lair:1)
  2 wizards (Volcano)
  An ugly thing (D:10)
  A cyclops (D:8)
  3 elephants (Lair:3)
  2 toenail golems (Volcano)
  A smoke demon (Abyss:4)
  2 black mambas
  2 rime drakes
  3 cane toads
  Maggie (Lair:1)
  A hellion (Abyss:4)
  2 komodo dragons
  A kobold demonologist (D:11)
  An ancient zyme (Abyss:4)
  A red devil (Abyss:3)
  5 trolls
  A polar bear (Lair:3)
  3 hornets
  A tarantella (Lair:2)
  3 blink frogs (Lair:3)
  A raiju (Abyss:3)
  2 jumping spiders (Lair:2)
  2 large abominations (Abyss:3)
  A shadow (D:11)
  4 wyverns
  A basilisk (D:10)
  A ynoxinul (Abyss:4)
  33 yaks
  A neqoxec (Abyss:4)
  A steam dragon (D:8)
  A chaos spawn (Abyss:3)
  2 vampire mosquitoes (D:11)
  An acid dragon (D:10)
  8 water moccasins
  2 sky beasts
  13 orc warriors
  A black bear (D:5)
  3 ice beasts
  4 ogres
  9 wolves
  16 centaurs
  4 small abominations
  2 phantoms
  3 kobold brigands
  6 bullfrogs
  3 gnoll sergeants
  3 necrophages (D:7)
  5 wights (D:7)
  9 killer bees
  2 howler monkeys (D:9)
  A bullfrog zombie (D:7)
  A centaur zombie (Ossuary)
  2 jellies
  3 human zombies
  11 orc priests
  Crazy Yiuf (D:3)
  A gnoll bouda (D:7)
  Jessica (D:2)
  3 iguanas
  14 orc wizards
  4 killer bee zombies (D:7)
  4 mummies
  20 gnolls
  7 adders
  2 white imps (D:6)
  An ufetubus (D:4)
  2 worms
  3 dart slugs
  76 orcs
  3 ball pythons
  5 bats
  5 endoplasms
  A giant cockroach (D:2)
  5 goblins
  7 hobgoblins
  29 kobolds
  A quokka (D:1)
  3 frilled lizards
  2 goblin zombies (Ossuary)
  10 hobgoblin zombies (Ossuary)
  3 jackal zombies (Ossuary)
  8 kobold zombies (Ossuary)
  9 orc zombies (Ossuary)
  4 rats
  2 rat zombies (Ossuary)
448 creatures vanquished.

Vanquished Creatures (others)
  A centaur (Lair:1)
  An orc (Bailey)
  4 foxfires (Abyss:4)
  A lurking horror (Abyss:4)
  5 starspawn tentacles (Abyss:3)
12 creatures vanquished.

Grand Total: 460 creatures vanquished

Notes
Turn   | Place    | Note
-------+----------+-------------------------------------------
     0 | D:1      | edwardauron the Demigod Fighter began the quest for the
                  | Orb.
     0 | D:1      | Reached XP level 1. HP: 18/18 MP: 3/3
   254 | D:1      | Reached XP level 2. HP: 18/25 MP: 4/4
   531 | D:1      | You fall into a shaft and drop 1 floor!
   545 | D:2      | Reached XP level 3. HP: 21/30 MP: 5/5
   704 | D:2      | Noticed Jessica
   753 | D:2      | Killed Jessica
   947 | D:2      | Reached XP level 4. HP: 27/37 MP: 6/6
  1956 | D:3      | Reached XP level 5. HP: 42/42 MP: 7/7
  2062 | D:3      | Found a runed translucent door.
  2063 | D:3      | Noticed Crazy Yiuf
  2316 | D:3      | Killed Crazy Yiuf
  2529 | D:4      | Noticed an ogre
  2549 | D:4      | Killed an ogre
  2757 | D:4      | Noticed an ogre
  2764 | D:4      | Killed an ogre
  2765 | D:4      | Reached XP level 6. HP: 28/50 MP: 8/8
  2886 | D:4      | Gained mutation: You have a somewhat thin skeletal
                  | structure. (Dex +2, Stealth+) [potion of mutation]
  2886 | D:4      | HP: 1/50 [orc priest/+2 flail of protection (7)]
  3277 | D:4      | Identified a scroll of acquirement
  3277 | D:4      | Acquired a +1 eveningstar of protection
  3285 | D:5      | Entered Level 5 of the Dungeon
  3343 | D:5      | Found a sand-covered staircase.
  3348 | Ossuary  | Entered an ossuary
  3545 | Ossuary  | Reached XP level 7. HP: 54/56 MP: 9/9
  3625 | D:5      | Reached skill level 5 in Armour
  3625 | D:5      | Reached skill level 5 in Shields
  3869 | D:5      | Found a staircase to the Ecumenical Temple.
  3879 | D:5      | Reached skill level 5 in Maces & Flails
  4523 | D:6      | Reached XP level 8. HP: 62/62 MP: 10/10
  4726 | D:6      | Reached skill level 5 in Fighting
  4726 | D:6      | Reached XP level 9. HP: 74/74 MP: 11/11
  5479 | D:7      | Found a flagged portal.
  5496 | Bailey   | Entered a bailey
  6844 | D:7      | Acquired a +0 crystal plate armour
  7050 | D:7      | Reached XP level 10. HP: 75/83 MP: 13/13
  7088 | D:7      | Paralysed by a hornet for 1 turns
  7259 | D:7      | Reached skill level 6 in Fighting
  7718 | D:7      | Found a runed translucent gate.
  7719 | D:7      | Found a runed translucent gate.
  7720 | D:7      | Found a runed translucent gate.
  7722 | D:7      | Identified the +0 chain mail of Gehenna {Rampage Regen+
                  | rCorr Str+2}
  7723 | D:7      | Noticed minhee2137's ghost (novice MiBe)
  7927 | D:7      | Killed minhee2137's ghost
  8148 | D:7      | Identified the +2 helmet of the Cockatrice {Dex+3}
  8275 | D:8      | Reached skill level 7 in Fighting
  9074 | D:8      | Noticed a cyclops
  9078 | D:8      | Killed a cyclops
  9353 | D:9      | Reached skill level 8 in Fighting
  9394 | D:9      | Reached XP level 11. HP: 53/93 MP: 14/14
  9881 | D:10     | Entered Level 10 of the Dungeon
 10090 | D:10     | Reached skill level 10 in Armour
 10144 | D:10     | Found a staircase to the Lair.
 10172 | D:10     | Reached skill level 9 in Fighting
 10354 | D:10     | Reached skill level 10 in Maces & Flails
 10814 | D:11     | Found a transporter.
 10822 | D:11     | Noticed a boulder beetle
 11297 | D:11     | Noticed a two-headed ogre
 11299 | D:11     | Noticed a shadow dragon
 11299 | D:11     | a shadow dragon changed into a quicksilver dragon
 11299 | D:11     | Noticed a quicksilver dragon (shapeshifter)
 11302 | D:11     | Found a transporter.
 11307 | D:11     | Noticed HilariousDeathArtist's ghost (journeyman DEEE)
 11319 | D:11     | Noticed an eight-headed hydra
 11329 | D:11     | Identified the +1 chain mail "Yklusio" {rPois rF- Int+3
                  | Dex+2}
 11815 | D:11     | Noticed an iron giant
 11822 | D:11     | an iron giant changed into a fire giant
 11822 | D:11     | Noticed a fire giant (shapeshifter)
 11851 | Lair:1   | Entered Level 1 of the Lair of Beasts
 12108 | Lair:1   | Noticed Maggie
 12116 | Lair:1   | Killed Maggie
 12139 | Lair:1   | You fall into a shaft and drop 1 floor!
 12152 | Lair:2   | Reached skill level 10 in Fighting
 12272 | Lair:2   | Found a hole to the Spider Nest.
 12272 | Lair:2   | Noticed a pharaoh ant
 12288 | Lair:2   | Killed a pharaoh ant
 12359 | Lair:2   | Reached XP level 12. HP: 94/107 MP: 15/15
 12686 | Lair:1   | Reached skill level 11 in Fighting
 13992 | Lair:3   | Reached skill level 10 in Shields
 14055 | Lair:3   | Found a dark tunnel.
 14073 | Volcano  | Entered a volcano
 14083 | Abyss:2  | Cast into level 2 of the Abyss (a wizard)
 14110 | Volcano  | Escaped the Abyss
 14275 | Abyss:3  | Cast into level 3 of the Abyss (a wizard)
 14288 | Abyss:3  | Noticed a rakshasa
 14304 | Abyss:3  | Killed a rakshasa
 14310 | Abyss:3  | Noticed a reaper
 14329 | Abyss:3  | Killed a reaper
 14348 | Abyss:3  | Reached skill level 12 in Fighting
 14431 | Abyss:3  | Noticed a tentacled starspawn
 14442 | Abyss:3  | Killed a tentacled starspawn
 14471 | Abyss:3  | Noticed a tentacled starspawn
 14489 | Abyss:3  | Killed a tentacled starspawn
 14490 | Abyss:3  | Reached XP level 13. HP: 13/119 MP: 16/16
 14605 | Abyss:4  | Noticed a bone dragon
 14607 | Abyss:4  | HP: 3/119 [ynoxinul (7)]
 14623 | Abyss:4  | Noticed a starcursed mass
 14712 | Abyss:4  | Killed from afar by a smoke demon

Illustrated notes

Levels and vault maps discovered:
D:1:      saegor_arrival_under_anarchy, layout_basic
D:2:      layout_loops_ring, minmay_misc_feat_secret_circle, fountainhead,
          uniq_jessica
D:3:      layout_loops_ring, lemuel_round_altar, mainiacjoe_overflow_two_lobes,
          dk_noncrumbling_4, uniq_crazy_yiuf_cottage
D:4:      layout_basic, nicolae_concentric_dashed_squares_mild
D:5:      layout_loops_ring, mainiacjoe_overflow_24_doors,
          minmay_temple_entry_junction, enter_ossuary_2, lemuel_flame_loot_1
D:6:      layout_basic, cheibrodos_worm_habitat
D:7:      layout_loops_ring, lemuel_mausoleum_altar_yredelemnul,
          mainiacjoe_overflow_alcove_4, biasface_ghost_orc_armoury,
          enter_bailey_3
D:8:      layout_basic, elyvilon_altar_3, amcnicky_altar_gilded,
          minmay_manual_macuahuitl
D:9:      layout_cave_pools, kennysheep_mini_moat
D:10:     nicolae_cairo_tiling_very_big, layout_irregular_city, tso_altar,
          lemuel_blue_sif_altar, minmay_lair_entry_grove,
          hangedman_decor_lopped, dreamdust_princess_corridor
D:11:     layout_rooms, nzn_ghost_randoct, nicolae_benzene_ring,
          lemuel_flamethrower_hall
Lair:1:   layout_cave_pods, lemuel_centaur_altar, grunt_megastairs_3,
          uniq_maggie
Lair:2:   layout_roguey, nicolae_spider_entry_lesser_pyramids,
          serial_bayou_pond_d
Lair:3:   layout_long_grid, minmay_shoals_entry_centaurs,
          nicolae_volcano_entry_lava_flow, st_stairs_4, uniq_gastronok
Abyss:4:  base: D:15, gammafunk_corrupted_shrine, evilmike_abyss_exit_14,
          evilmike_abyss_exit_mutagenic, hangedman_abyss_rune_flesh_and_stone,
          evilmike_abyss_exit_chaos
Volcano:  volcano_bunker

Skill      XL: |  1  2  3  4  5  6  7  8  9 10 11 12 |
---------------+-------------------------------------+-----
Maces & Flails | 2 3 4 5 7 8 9 10 11 | 11.8
Armour         | 3 4 5 7 8 9 10 11 | 11.9
Shields        | 3 4 5 7 8 9 10 | 10.8
Fighting       | 5 8 10 12 | 12.7
Dodging        | 4 |  4.7

Action                     |  1- 3 |  4- 6 |  7- 9 | 10-12 | 13-15 || total
---------------------------+-------+-------+-------+-------+-------++-------
  Melee: Flail             |   120 |   154 |       |       |       ||   274
         Eveningstar       |       |   106 |   316 |   111 |       ||   533
         Morningstar       |       |       |       |   755 |    49 ||   804
  Evoke: Wand              |       |       |     9 |     1 |     2 ||    12
    Use: Scroll            |       |    13 |     7 |     8 |     3 ||    31
         Potion            |       |     5 |     6 |     5 |    13 ||    29
   Stab: Paralysed         |       |       |       |     3 |       ||     3
         Invisible         |       |       |       |       |     1 ||     1
 Armour: Scale mail        |    57 |       |       |       |       ||    57
         Chain mail        |    17 |   127 |   214 |       |       ||   358
         Crystal plate arm |       |       |    15 |   685 |    48 ||   748
  Dodge: Dodged            |    67 |    92 |   326 |   343 |    41 ||   869
  Block: Buckler           |    24 |    44 |   141 |    90 |       ||   299
         Kite shield       |       |       |       |   479 |    61 ||   540

Table legend: (Time is in decaauts)
 A = Elapsed time spent in this place.
 B = Non-inter-level travel time spent in this place.
 C = Inter-level travel time spent in this place.
 D = Time resting spent in this place.
 E = Time spent auto-exploring this place.
 F = Levels seen in this place.
 G = Mean time per level.
                   A        B        C        D        E       F      G
               +--------+--------+--------+--------+--------+-----+--------+
         Total |  14914 |  14558 |    356 |   2123 |   8457 |  20 |  745.7 |
       Dungeon |  10442 |  10159 |    283 |   1232 |   6716 |  11 |  949.3 |
          Lair |   2238 |   2165 |     73 |    301 |   1407 |   3 |  746.0 |
         Abyss |    442 |    442 |      0 |      0 |      0 |   3 |  147.3 |
       Ossuary |    261 |    261 |      0 |      0 |     77 |   1 |  261.0 |
        Bailey |   1355 |   1355 |      0 |    589 |    169 |   1 | 1355.0 |
       Volcano |    174 |    174 |      0 |      0 |     88 |   1 |  174.0 |
               +--------+--------+--------+--------+--------+-----+--------+

Top non-repeatable levels by time:
     D:7: 1432 daAuts
  Bailey: 1355 daAuts
  Lair:1: 1182 daAuts
     D:8: 1047 daAuts
     D:3: 1029 daAuts
    D:11: 1029 daAuts
     D:5: 1016 daAuts
     D:2: 966 daAuts
    D:10: 954 daAuts
     D:6: 952 daAuts
  Lair:2: 922 daAuts
     D:4: 801 daAuts
     D:9: 659 daAuts
     D:1: 554 daAuts
 Ossuary: 261 daAuts
